AoeStats
← WOODS3851

Black Forest

509712526Analyzed
4v4 RM · 4d ago on Sep 27, 2026· 59m 36s· 8 players
Game mode
Random Map
Map size
Large (8 player)
Population
200
Speed
Normal
Resources
Standard
Victory
Conquest
Starting age
Dark Age
Ending age
Imperial Age
RankedLock teamsTeams togetherTeam positionsShared explorationLock speedFull tech treeHidden civsTurbo modeCheats
Victory
Defeat
🇲🇽 Teutons · Mexico
1007
+12
🇫🇷 Burgundians · France
1000
+12
🇹🇷 Turks · Türkiye
982
+13
🇬🇧 Persians · United Kingdom
837
+17
🇬🇧 Hindustanis · United Kingdom
925
-14
🇲🇽 Dravidians · Mexico
913
-15
🇮🇹 Varangians · Italy
901
-13
🇸🇪 Danes · Sweden
876
-12
WOODS3851
1:11 Loom
12:17 Feudal Age
12:46 Double-Bit Axe
15:52 Wheelbarrow
15:07 Horse Collar
19:59 Castle Age
19:33 Bloodlines
20:16 Forging
20:07 Scale Mail Armor
23:09 Bow Saw
23:02 Heavy Plow
22:57 Pikeman
23:47 Husbandry
24:51 Stone Mining
25:23 Gold Mining
27:16 Town Watch
30:01 Hand Cart
30:43 Stone Shaft Mining
36:50 Imperial Age
34:41 Masonry
35:26 Gold Shaft Mining
36:03 Caravan
36:10 Grand Trunk Road
36:24 Scale Barding Armor
36:15 Fletching
39:02 Chemistry
38:00 Heavy Camel Rider
39:06 Chain Barding Armor
40:50 Conscription
39:58 Imperial Camel Rider
45:28 Conscription
45:56 Elite Skirmisher
47:39 Hoardings
51:42 Light Cavalry
Patches
1:10 Loom
12:45 Feudal Age
16:17 Castle Age
14:05 Horse Collar
16:57 Double-Bit Axe
18:06 Bow Saw
22:12 Wheelbarrow
23:09 Hand Cart
23:30 Gold Mining
27:48 Heavy Plow
32:15 Imperial Age
30:23 Gold Shaft Mining
30:19 Hamask
30:50 Town Watch
31:22 Masonry
31:18 Scale Mail Armor
31:30 Forging
32:25 Stone Mining
34:35 Chemistry
33:41 Siege Engineers
33:07 Onager
33:43 Capped Ram
34:43 Squires
34:29 Arson
35:34 Chain Mail Armor
35:06 Elite Jomsviking
36:23 Iron Casting
36:13 Northmen's Fury
37:14 Conscription
37:30 Hoardings
39:00 Pikeman
39:03 Siege Ram
40:16 Heavy Scorpion
40:55 Elite Varangian Guard
43:02 Blast Furnace
42:39 Plate Mail Armor
46:05 Siege Onager
51:29 Man-at-Arms
51:55 Gambesons
51:31 Halberdier
54:00 Long Swordsman
58:15 Heavy Mounted Crossbowman
58:16 Cranequins
58:19 Elite Skirmisher
59:05 Thumb Ring
Filippone996
11:46 Feudal Age
10:01 Loom
15:33 Castle Age
13:49 Double-Bit Axe
13:47 Horse Collar
16:35 Bow Saw
16:27 Heavy Plow
17:05 Wheelbarrow
18:59 Hand Cart
23:03 Gold Mining
23:03 Stone Mining
23:40 Town Watch
25:35 Fervor
27:54 Stone Shaft Mining
29:57 Imperial Age
27:44 Town Patrol
28:44 Forging
28:40 Scale Barding Armor
28:27 Fletching
28:23 Treadmill Crane
29:18 Bloodlines
29:09 Husbandry
29:49 Gambesons
30:05 Squires
29:50 Arson
31:22 Chain Barding Armor
31:37 Iron Casting
31:57 Devotion
32:20 Ballistics
31:56 Murder Holes
32:13 Elite Jarl
33:15 Conscription
32:28 Vendel Legacy
33:30 Gothikon
35:14 Blast Furnace
34:49 Plate Barding Armor
34:15 Scale Mail Armor
35:16 Crop Rotation
35:58 Two-Man Saw
35:55 Masonry
36:52 Chemistry
36:09 Masonry
36:51 Onager
38:45 Chain Mail Armor
38:08 Elite Varangian Guard
39:34 Architecture
39:18 Fortified Wall
39:31 Siege Engineers
47:43 Guilds
47:34 Caravan
50:19 Plate Mail Armor
55:02 Padded Archer Armor
55:04 Bodkin Arrow
55:54 Elite Skirmisher
56:50 Bracer
57:07 Leather Archer Armor
58:56 Ring Archer Armor
SER
7:00 Loom
11:57 Feudal Age
12:01 Man-at-Arms
12:28 Arson
12:34 Double-Bit Axe
14:30 Forging
14:29 Horse Collar
17:57 Fletching
23:02 Castle Age
22:48 Stone Mining
23:00 Gold Mining
24:04 Bow Saw
23:54 Heavy Plow
25:37 Ballistics
26:17 Murder Holes
27:13 Bodkin Arrow
27:46 Town Watch
29:29 Fortified Wall
32:39 Imperial Age
30:12 Town Patrol
33:27 Sanctity
35:33 Bracer
35:56 Ballistics
37:07 Two-Man Saw
36:11 Scale Mail Armor
36:47 Iron Casting
36:33 Pikeman
37:30 Chain Mail Armor
37:58 Halberdier
39:40 Blast Furnace
42:47 Plate Mail Armor
45:32 Squires
45:19 Gambesons
46:38 Chemistry
Anarşik
0:34 Loom
13:54 Feudal Age
18:33 Castle Age
17:59 Double-Bit Axe
18:14 Gold Mining
18:15 Stone Mining
18:10 Horse Collar
19:47 Wheelbarrow
22:40 Heavy Plow
28:49 Caravan
29:53 Bow Saw
30:47 Gold Shaft Mining
34:48 Imperial Age
33:30 Hand Cart
35:21 Padded Archer Armor
35:39 Guilds
35:30 Artillery
36:55 Two-Man Saw
38:20 Elite Janissary
40:14 Leather Archer Armor
42:00 Hoardings
Gérard Carpentier
12:55 Feudal Age
12:38 Double-Bit Axe
14:34 Bow Saw
23:17 Castle Age
21:24 Horse Collar
23:53 Heavy Plow
27:39 Wheelbarrow
28:06 Two-Man Saw
27:38 Crop Rotation
27:30 Husbandry
26:52 Cavalier
28:43 Gold Mining
30:50 Scale Barding Armor
30:57 Forging
31:17 Caravan
32:03 Hand Cart
35:26 Stone Mining
36:13 Gold Shaft Mining
42:10 Imperial Age
42:38 Paladin
46:10 Padded Archer Armor
48:01 Chemistry
49:22 Chain Barding Armor
55:10 Treadmill Crane
webitos9958
13:19 Loom
15:04 Feudal Age
16:29 Horse Collar
16:36 Double-Bit Axe
16:51 Stone Mining
16:51 Gold Mining
19:50 Castle Age
21:44 Bow Saw
21:36 Heavy Plow
31:16 Wheelbarrow
30:26 Town Watch
32:38 Hand Cart
32:24 Town Patrol
36:01 Stone Shaft Mining
39:43 Imperial Age
37:51 Caravan
38:22 Coinage
39:31 Scale Barding Armor
39:36 Forging
39:47 Onager
40:51 Cavalier
41:41 Bloodlines
41:44 Siege Engineers
42:40 Chemistry
41:52 Fortified Wall
42:03 Ballistics
41:53 Masonry
42:35 Iron Casting
42:21 Chain Barding Armor
43:21 Conscription
44:29 Two-Man Saw
43:20 Paladin
45:04 Ironclad
45:19 Hoardings
45:23 Siege Onager
47:23 Crop Rotation
48:15 Blast Furnace
47:51 Plate Barding Armor
47:09 Fletching
47:19 Scale Mail Armor
49:17 Padded Archer Armor
49:07 Arson
49:08 Gambesons
50:37 Guilds
50:57 Banking
51:35 Elite Teutonic Knight
52:36 Crenellations
necca
0:28 Loom
12:27 Feudal Age
14:31 Wheelbarrow
17:12 Castle Age
16:28 Horse Collar
16:35 Double-Bit Axe
17:52 Heavy Plow
21:56 Town Watch
23:57 Hand Cart
25:00 Stone Mining
27:27 Stone Shaft Mining
26:42 Gold Mining
28:37 Town Patrol
29:16 Forging
29:11 Scale Barding Armor
31:14 Gold Shaft Mining
32:11 Bow Saw
35:01 Imperial Age
33:00 Ballistics
34:26 Kamandaran
35:05 Iron Casting
34:35 Scale Barding Armor
34:31 Padded Archer Armor
34:21 Fletching
34:32 Scale Mail Armor
36:37 Chemistry
35:34 Murder Holes
36:01 Conscription
35:54 Citadels
36:52 Husbandry
37:02 Bloodlines
36:47 Elite War Elephant
38:51 Two-Man Saw
39:58 Blast Furnace
39:18 Chain Barding Armor
39:13 Chain Mail Armor
38:53 Bodkin Arrow
39:13 Leather Archer Armor
39:03 Light Cavalry
39:33 Crossbowman
40:20 Thumb Ring
41:20 Elite Skirmisher
41:25 Hussar
44:25 Pikeman
45:06 Squires
44:53 Arson
45:26 Halberdier
Connection lost

Rejoining the realm…

Still unreachable

The connection could not be restored.

Session expired

The server has moved on; the page needs a fresh start.